 Dungeon Crawl Stone Soup version 0.30-a0-125-g51eefa89be (webtiles) character file.

Game seed: 16267810105905154219

21 zxpr0jk the Trooper (level 3, 0/30 HPs)
             Began as a Djinni Berserker on Sept 18, 2022.
             Was a Follower of Trog.
             Frozen to death by an endoplasm (6 damage)
             ... on level 2 of the Dungeon.
             The game lasted 00:01:13 (949 turns).

zxpr0jk the Trooper (Djinni Berserker)               Turns: 949, Time: 00:01:14

Health: 0/30       AC:  2    Str: 18    XL:     3   Next: 2%
Gold:   47         EV: 12    Int:  8    God:    Trog [*.....] SH:  3 Dex: 12

rFire   + + .      SeeInvis .    c - +3 dagger
rCold   x . .      Faith    .    f - +0 buckler
rNeg    . . .      Spirit   .    b - +0 animal skin
rPois   ∞          Reflect  .    (no helmet)
rElec   .          Harm     .    (no cloak)
rCorr   .          Rampage  .    (no gloves)
Will    .....                    (boots unavailable)
Stlth   +.........               (no amulet)
HPRegen 0.10/turn                (no ring)
MPRegen 0.00/turn                (no ring)

@: flying
A: sickness immunity, fire resistance 2, cold vulnerability 1, float, innate
caster, HP casting, extra vitality 1
a: Renounce Religion, Berserk


You were on level 2 of the Dungeon.
You worshipped Trog.
Trog was aware of your devotion.
You visited 1 branch of the dungeon, and saw 2 of its levels.

You collected 47 gold pieces.

Inventory:

Hand Weapons
 a - a +0 falchion
 c - a +3 dagger (weapon)
 j - a +2 dagger of protection
Armour
 b - a +0 animal skin (worn)
 f - a +0 buckler (worn)
Scrolls
 d - a scroll of teleportation {unknown}
 e - 3 scrolls of identify {unknown}
 g - 2 scrolls of magic mapping {unknown}
 i - a scroll of fog {unknown}
Potions
 h - a potion of degeneration {unknown}


   Skills:
 + Level 3.2 Fighting
 + Level 0.8(1.9) Short Blades
 - Level 2.6(2.7) Long Blades
 - Level 2.0 Armour
 * Level 3.0 Dodging


You had one spell level left.
You knew the following spells:

 Your Spells              Type           Power      Damage    Failure   Level
a - Slow                  Hex            0%         N/A       52%         1
Your spell library was empty.

Dungeon Overview and Level Annotations

Branches:
Dungeon (2/15)

Altars:


Innate Abilities, Weirdness & Mutations

You are immune to sickness and miasma.
You are immune to poison.
Your flesh is very heat resistant. (rF++)
You are vulnerable to cold. (rC-)
You float through the air rather than walking.
You learn spells naturally, not from books.
Your magical power is your life essence.
You have superior vitality. (+4 MHP)


Message History

The kobold hits you with a +0 whip.
You barely miss the kobold. The kobold closely misses you.
You hit the kobold.
The kobold is severely wounded.
The kobold hits you with a +0 whip.
You barely miss the kobold.
The kobold is severely wounded.
The kobold hits you but does no damage.
You barely miss the kobold.
The kobold is severely wounded.
The kobold hits you with a +0 whip.
You closely miss the kobold.
The kobold is severely wounded.
The kobold hits you with a +0 whip.
You closely miss the kobold.
The kobold is severely wounded.
The endoplasm freezes you.
You are frozen.
You feel a terrible chill! The kobold closely misses you.
You are too injured to fight recklessly!
You are too injured to fight recklessly!
You are too injured to fight recklessly!
You are too injured to fight recklessly!
You are too injured to fight recklessly!
Unknown command.
You are too injured to fight recklessly!
You closely miss the kobold.
The kobold is severely wounded.
The endoplasm freezes you.
You are frozen!
You feel a terrible chill!
* * * LOW HITPOINT WARNING * * *
The kobold hits you with a +0 whip.
* * * LOW HITPOINT WARNING * * *
Unknown command.
The endoplasm attacks as you move away!
The endoplasm hits you but does no damage.
The kobold attacks as you move away! You block the kobold's attack.
The kobold throws a stone.
The stone closely misses you. The endoplasm freezes you.
You are frozen.
You feel a terrible chill!
You die...

...?... .......
....... .......
....... .......
....... .......
#...... ......#
#......#.....#
#.. ###K.$#
....#..J###
#....@#########
##..†..<.......
.........########
..........!
####....####
#...(# #....#
#....# ..####


You could see an endoplasm and a kobold.

Vanquished Creatures
  2 dart slugs (D:1)
  A ball python (D:2)
  An endoplasm (D:1)
  3 giant cockroaches (D:1)
  A goblin (D:1)
  A hobgoblin (D:1)
  2 bats (D:1)
  A frilled lizard (D:1)
  2 kobolds (D:1)
  2 rats
16 creatures vanquished.

Notes
Turn   | Place    | Note
-------+----------+-------------------------------------------
     0 | D:1      | zxpr0jk the Djinni Berserker began the quest for the Orb.
     0 | D:1      | Reached XP level 1. HP: 20/20 MP: 0/0
   227 | D:1      | Reached XP level 2. HP: 20/25 MP: 0/0
   613 | D:1      | Found a faded altar of an unknown god.
   937 | D:2      | Reached XP level 3. HP: 30/30 MP: 0/0
   937 | D:2      | Learned a level 1 spell: Slow
   949 | D:2      | Frozen to death by an endoplasm

Illustrated notes

Levels and vault maps discovered:
D:1:      matt_arrival_diagonals, layout_rooms,
          hellmonk_ecumenical_altar_zigzags, minmay_worlds_worst_comb
D:2:      layout_rooms, uniq_jessica, uniq_terence, uniq_natasha

Skill      XL: |  1  2 |
---------------+-------+-----
Dodging        | 3 |  3.0
Fighting       | |  3.2
Short Blades   | |  0.8
Long Blades    | |  2.6
Armour         | |  2.0

Action                   || total
-------------------------++-------
Melee: Dagger            ||    50
Armor: Animal skin       ||     8
Dodge: Dodged            ||    27
Block: Buckler           ||     7

Table legend: (Time is in decaauts)
 A = Elapsed time spent in this place.
 B = Non-inter-level travel time spent in this place.
 C = Inter-level travel time spent in this place.
 D = Time resting spent in this place.
 E = Time spent auto-exploring this place.
 F = Levels seen in this place.
 G = Mean time per level.
                   A        B        C        D        E       F      G
               +--------+--------+--------+--------+--------+-----+--------+
         Total |    945 |    888 |     57 |      0 |    761 |   2 |  472.5 |
       Dungeon |    945 |    888 |     57 |      0 |    761 |   2 |  472.5 |
               +--------+--------+--------+--------+--------+-----+--------+

Top non-repeatable levels by time:
     D:1: 929 daAuts
     D:2: 16 daAuts
